 Dungeon Crawl Stone Soup version 0.22.1-1-ga44c0e56f4 (webtiles) character file.

247 Morbidden the Conjurer (level 5, -9/35 HPs)
             Began as a Draconian Conjurer on Oct 8, 2018.
             Was a Follower of Hepliaklqana.
             Mangled by a yak (15 damage)
             ... on level 5 of the Dungeon.
             The game lasted 00:11:07 (3727 turns).

Morbidden the Conjurer (Draconian Conjurer)         Turns: 3727, Time: 00:11:08

Health: -9/35      AC:  6    Str: 11    XL:     5   Next: 85%
Magic:  0/8        EV: 17    Int: 16    God:    Hepliaklqana [*.....]
Gold:   189        SH:  0    Dex: 16    Spells: 8/9 levels left

rFire    . . .     SeeInvis .   d - -1 hand axe
rCold    . . .     Gourm    .   (no shield)
rNeg     . . .     Faith    .   (armour unavailable)
rPois    .         Spirit   +   (helmet restricted)
rElec    .         Reflect  .   j - +0 cloak
rCorr    .         Harm     .   (no gloves)
MR       .....                  (no boots)
Stlth    +++.......             f - amulet of guardian spirit
HPRegen  0.11/turn              (no ring)
MPRegen  0.11/turn              (no ring)

@: agile, very slightly contaminated, drained
A: unfitting armour, reduced essence, cold-blooded, AC +5
a: Recall Ancestor, Ancestor Identity, Renounce Religion


You were on level 5 of the Dungeon.
You worshipped Hepliaklqana.
Hepliaklqana was aware of your devotion.
You were very hungry.

You visited 1 branch of the dungeon, and saw 5 of its levels.

You collected 189 gold pieces.

Inventory:

Hand Weapons
 d - a -1 hand axe (weapon)
Armour
 j - a +0 cloak (worn)
Jewellery
 f - an amulet of guardian spirit (around neck)
Scrolls
 a - 4 scrolls of identify
 e - a scroll of remove curse
Potions
 c - a potion of mutation {unknown}
Comestibles
 b - 5 rations


   Skills:
 + Level 0.7(0.2) Fighting
 + Level 2.1(1.6) Dodging
 - Level 1.7(1.2) Stealth
 + Level 2.6(2.1) Spellcasting
 * Level 6.6(6.0) Conjurations


You had 8 spell levels left.
You knew the following spells:

 Your Spells              Type           Power        Failure   Level  Hunger
a - Magic Dart            Conj           ###.         1%          1    #......

Your spell library contained the following spells:

 Spells                   Type           Power        Failure   Level  Hunger
 Searing Ray              Conj           ###...       2%          2    ###....
 Iskenderun's Mystic Bla  Conj           ###.....     17%         4    #####..
 Dazzling Spray           Conj/Hex       ##....       19%         3    ###....
 Force Lance              Conj/Tloc      ##......     52%         4    #####..
 Fulminant Prism          Conj/Hex       ##........   52%         4    #####..


Dungeon Overview and Level Annotations

Branches:
Dungeon (5/15)
 Temple: D:4-7

Altars:
Hepliaklqana

Annotations:
D:4 2 transporters, Dowan; Duvessa; Rhok's ghost, amateur MfGl


Innate Abilities, Weirdness & Mutations

Your plain brown scales are hard. (AC +5)
You cannot fit into any form of body armour.
You are cold-blooded and may be slowed by cold attacks.
Your life essence is reduced to manifest your ancestor. (-10% HP)


Message History

Okay, then.
The helpless scorpion fails to defend itself.
You hit the scorpion.
The scorpion is moderately wounded.
The scorpion completely misses you.
You hit the scorpion but do no damage.
Your tail-slap misses the scorpion.
The scorpion is moderately wounded.
The scorpion stings you!
* * * LOW HITPOINT WARNING * * *
The scorpion stings you.
* * * LOW HITPOINT WARNING * * *
Unknown command.
Unknown command.
You hit the scorpion but do no damage.
The scorpion is moderately wounded.
The scorpion stings you.
* * * LOW HITPOINT WARNING * * *
The yak closely misses you.
You feel better. The scorpion closely misses you. The yak gores you!
You die...

######### ****########.......#
*,,,......s@Y#####.#######
*,**##########......Y...(# *,*
#..........Y### **,*
******##.#######.....
*,,******,,,,*#.%,*****#..###
*,,,,,,,,,,,,,##,*#..........
*,*******,,,,,,***.#####..##. *,*
*,,,,,,,*,,,,###..##.
*****,*******,,,,,,,,,,*,,....##.


You could see a yak and a scorpion.

Vanquished Creatures
  2 worker ants (D:4)
  3 gnolls (D:3)
  3 adders
  A worm (D:2)
  2 dart slugs
  2 leopard geckos
  2 orcs (D:3)
  2 ball pythons
  2 giant cockroaches
  12 goblins
  7 hobgoblins
  5 jackals
  4 quokkas
  8 bats
  2 frilled lizards
  6 kobolds
  8 rats
71 creatures vanquished.

Vanquished Creatures (collateral kills)
  A howler monkey (D:4)
  2 adders (D:3)
  A worm (D:2)
  A goblin (D:3)
  A jackal (D:4)
  A kobold (D:3)
7 creatures vanquished.

Vanquished Creatures (others)
  7 ancestors
7 creatures vanquished.

Grand Total: 85 creatures vanquished

Notes
Turn   | Place    | Note
-------+----------+-------------------------------------------
     0 | D:1      | Morbidden the Draconian Conjurer began the quest for the
                  | Orb.
     0 | D:1      | Reached XP level 1. HP: 14/14 MP: 3/3
   284 | D:1      | Reached XP level 2. HP: 20/20 MP: 0/5
  1163 | D:2      | Reached skill level 5 in Conjurations
  1163 | D:2      | Reached XP level 3. HP: 26/26 MP: 1/6
  1566 | D:2      | Found a hazy altar of Hepliaklqana.
  1572 | D:2      | Became a worshipper of Hepliaklqana the Forgotten
  2194 | D:3      | Reached XP level 4. HP: 29/29 MP: 2/7
  2505 | D:3      | Reached skill level 6 in Conjurations
  2878 | D:3      | Reached XP level 5. HP: 13/34 MP: 1/8
  3475 | D:4      | Found a transporter.
  3478 | D:4      | Noticed Rhok's ghost (amateur MfGl)
  3479 | D:4      | Found a transporter.
  3480 | D:4      | Noticed an ogre
  3549 | D:4      | Noticed Duvessa
  3549 | D:4      | Noticed Dowan
  3579 | D:5      | Entered Level 5 of the Dungeon
  3672 | D:5      | Noticed a yak
  3695 | D:5      | Noticed a yak
  3695 | D:5      | Noticed a yak
  3697 | D:5      | Noticed a yak
  3709 | D:5      | Reached * piety under Hepliaklqana
  3726 | D:5      | HP: 1/35 [scorpion (1)]
  3727 | D:5      | Mangled by a yak

Skill      XL: |  1  2  3  4  5 |
---------------+----------------+-----
Conjurations   | 5 6 |  6.6
Dodging        | 2 |  2.1
Fighting       | |  0.7
Stealth        | |  1.7
Spellcasting   | |  2.6

Action                   |  1- 3 |  4- 6 || total
-------------------------+-------+-------++-------
Melee: Unarmed           |    25 |       ||    25
       Tailslap          |     5 |     4 ||     9
       Hand axe          |    24 |    78 ||   102
 Cast: Magic Dart        |    75 |    40 ||   115
Invok: Ancestor Identity |       |     2 ||     2
  Use: Scroll            |       |     5 ||     5
       Potion            |       |     3 ||     3
 Stab: Sleeping          |     1 |     4 ||     5
  Eat: Chunk             |     5 |     1 ||     6
       Ration            |       |     1 ||     1
Armor: Skin              |    17 |    21 ||    38
Dodge: Dodged            |    27 |    66 ||    93
